HSSL
OKLAHOMA CITY HS MAGICIANS @ INDIANAPOLIS HS CHAOS
04/16/2030
 
TOP OF THE 1ST
Oklahoma City HS Magicians batting - Pitching for Indianapolis HS Chaos : RHP Ben Johnston
Pitching: RHP Ben Johnston
Batting: LHB Pablo Fuentes 0-0: Foul Ball, location: 2F
0-1: Ball
1-1: Ball
2-1: Foul Ball, location: 2F
2-2: Ball
3-2: Foul Ball, location: 2F
3-2: Base on Balls
Batting: LHB Todd Davis 0-0: Ball
1-0: Swinging Strike
1-1: Foul Ball, location: 2F
1-2: Strikes out swinging
Batting: RHB Dave Hawk 0-0: Ball
1-0: Ball
2-0: Called Strike
2-1: Ball
3-1: Grounds into double play, 6-4-3 (Groundball, 6)
Top of the 1st over - 0 runs, 0 hits, 0 errors, 0 left on base; Oklahoma City HS 0 - Indianapolis HS 0
BOTTOM OF THE 1ST
Indianapolis HS Chaos batting - Pitching for Oklahoma City HS Magicians : RHP Steve Browne
Pitching: RHP Steve Browne
Batting: LHB Jason Hudson 0-0: DOUBLE (Line Drive, 78D)
Batting: RHB Eric Pierce 0-0: Ball
1-0: Called Strike
Jason Hudson steals 3rd base
1-1: DOUBLE (Flyball, 89D)
Jason Hudson scores
Batting: RHB Bryan Reed 0-0: Ball
1-0: Ball
2-0: Foul Ball, location: 2F
2-1: SINGLE (Line Drive, 78S)
Eric Pierce to third
Batting: RHB Andy Norris 0-0: SINGLE (Flyball, 78S)
Eric Pierce scores
Bryan Reed to second
Batting: LHB José Alonzo 0-0: Called Strike
0-1: Fly out, F8 (Flyball, 8RD)
Runner from 2nd tags up, SAFE at 3rd with throw
Batting: RHB Brian Carriaga 0-0: Foul Ball, location: 2F
0-1: Grounds into double play, 5-4-3 (Groundball, 56)
Bottom of the 1st over - 2 runs, 4 hits, 0 errors, 1 left on base; Oklahoma City HS 0 - Indianapolis HS 2
TOP OF THE 2ND
Oklahoma City HS Magicians batting - Pitching for Indianapolis HS Chaos : RHP Ben Johnston
Batting: LHB Marcus Hussey 0-0: Ball
1-0: Ball
2-0: Called Strike
2-1: Ball
3-1: Base on Balls
Batting: RHB Edward Allen 0-0: Ball
1-0: Ball
2-0: Swinging Strike
2-1: Ball
Wild Pitch!
Marcus Hussey to second
3-1: Base on Balls
Batting: RHB Drew Richardson 0-0: Ball
1-0: Ball
2-0: Ball
3-0: Called Strike
3-1: Called Strike
3-2: Base on Balls
Marcus Hussey to third
Edward Allen to second
Batting: RHB Mark Wortham 0-0: Ball
1-0: Ground out 5-3 (Groundball, 56S)
Marcus Hussey scores
Edward Allen to third
Drew Richardson to second
Batting: LHB Jason Thomas 0-0: Ball
1-0: Ball
2-0: Swinging Strike
2-1: Ball
3-1: SINGLE (Groundball, 13) (infield hit)
Batting: LHB Brian Bennett 0-0: SINGLE (Groundball, 4MD)
Edward Allen scores
Drew Richardson to third
Jason Thomas to second
Batting: LHB Pablo Fuentes 0-0: Ball
1-0: Swinging Strike
1-1: Fielders Choice at 2nd, 4-6 (Groundball, 4)
Drew Richardson scores
Jason Thomas to third
Batting: LHB Todd Davis 0-0: Ball
1-0: Called Strike
1-1: Ball
2-1: Foul Ball, location: 2F
2-2: Foul Ball, location: 2F
2-2: DOUBLE (Groundball, 5L)
Jason Thomas scores
Pablo Fuentes to third
Runner from 3rd tries for Home, SAFE, no throw
Batting: RHB Dave Hawk 0-0: SINGLE (Line Drive, 56D)
Todd Davis to third
Runner from 3rd tries for Home, SAFE, no throw
Batting: LHB Marcus Hussey 0-0: Fly out, F4 (Line Drive, 34)
Top of the 2nd over - 6 runs, 4 hits, 0 errors, 1 left on base; Oklahoma City HS 6 - Indianapolis HS 2
BOTTOM OF THE 2ND
Indianapolis HS Chaos batting - Pitching for Oklahoma City HS Magicians : RHP Steve Browne
Batting: LHB William Morgan 0-0: Foul Ball, location: 2F
0-1: Ball
1-1: Swinging Strike
1-2: Strikes out swinging
Batting: RHB Jonathan Thompson 0-0: Ball
1-0: Foul Ball, location: 2F
1-1: SINGLE (Line Drive, 9LS)
Batting: RHB António Solís 0-0: Called Strike
Jonathan Thompson steals 2nd base
0-1: Ball
1-1: Ball
2-1: Ball
3-1: Foul Ball, location: 2F
3-2: Strikes out swinging
Batting: LHB Jason Hudson 0-0: Ball
1-0: Called Strike
1-1: Swinging Strike
1-2: Foul Ball, location: 2F
1-2: Strikes out looking
Bottom of the 2nd over - 0 runs, 1 hit, 0 errors, 1 left on base; Oklahoma City HS 6 - Indianapolis HS 2
TOP OF THE 3RD
Oklahoma City HS Magicians batting - Pitching for Indianapolis HS Chaos : RHP Ben Johnston
Batting: RHB Edward Allen 0-0: Ball
1-0: Ground out 3-1 (Groundball, 23)
Batting: RHB Drew Richardson 0-0: Called Strike
0-1: Ball
1-1: Ball
2-1: Ball
3-1: Called Strike
3-2: Foul Ball, location: 2F
3-2: Ground out 1-3 (Groundball, 13)
Batting: RHB Mark Wortham 0-0: Ball
1-0: Foul Ball, location: 2F
1-1: Foul Ball, location: 2F
1-2: Foul Ball, location: 2F
1-2: Ball
2-2: Foul Ball, location: 2F
2-2: Foul Ball, location: 2F
2-2: Foul Ball, location: 2F
2-2: Foul Ball, location: 2F
2-2: Foul Ball, location: 2F
2-2: Foul Ball, location: 2F
2-2: Foul Ball, location: 2F
2-2: SINGLE (Flyball, 8LS)
Batting: LHB Jason Thomas 0-0: Swinging Strike
0-1: Ball
1-1: Called Strike
1-2: Ball
2-2: SINGLE (Groundball, 25) (infield hit)
Mark Wortham to second
Batting: LHB Brian Bennett 0-0: Ball
1-0: Fly out, F7 (Flyball, 7S)
Top of the 3rd over - 0 runs, 2 hits, 0 errors, 2 left on base; Oklahoma City HS 6 - Indianapolis HS 2
BOTTOM OF THE 3RD
Indianapolis HS Chaos batting - Pitching for Oklahoma City HS Magicians : RHP Steve Browne
Batting: RHB Eric Pierce 0-0: Ball
1-0: Ball
2-0: Called Strike
2-1: Ball
3-1: Base on Balls
Batting: RHB Bryan Reed 0-0: Ball
1-0: Grounds into double play, 6-4-3 (Groundball, 6)
Batting: RHB Andy Norris 0-0: Called Strike
0-1: Ball
1-1: Ball
2-1: Ball
3-1: Called Strike
3-2: Foul Ball, location: 2F
3-2: Base on Balls
Batting: LHB José Alonzo 0-0: Ball
1-0: Ball
2-0: SINGLE (Flyball, 89M)
Andy Norris to second
Runner from 2nd tries for 3rd, SAFE, no throw
Batting: RHB Brian Carriaga 0-0: Ball
1-0: Foul Ball, location: 2F
1-1: Ball
2-1: Ball
3-1: SINGLE (Groundball, 56D)
Andy Norris scores
José Alonzo to second
Batting: LHB William Morgan 0-0: Ball
1-0: Called Strike
1-1: Ball
2-1: Foul Ball, location: 2F
2-2: Strikes out swinging
Bottom of the 3rd over - 1 run, 2 hits, 0 errors, 2 left on base; Oklahoma City HS 6 - Indianapolis HS 3
TOP OF THE 4TH
Oklahoma City HS Magicians batting - Pitching for Indianapolis HS Chaos : RHP Ben Johnston
Pitching: RHP Joe Neal
Batting: LHB Pablo Fuentes 0-0: Ball
1-0: Swinging Strike
1-1: Foul Ball, location: 2F
1-2: Ball
2-2: SINGLE (Groundball, 56D)
Batting: LHB Todd Davis 0-0: Ball
1-0: Ball
2-0: Foul Ball, location: 2F
2-1: Ball
3-1: Base on Balls
Pablo Fuentes to second
Batting: RHB Dave Hawk 0-0: Swinging Strike
0-1: Ball
1-1: Called Strike
1-2: Ball
2-2: Ball
3-2: Foul Ball, location: 2F
3-2: Foul Ball, location: 2F
3-2: Base on Balls
Pablo Fuentes to third
Todd Davis to second
Batting: LHB Marcus Hussey 0-0: Called Strike
0-1: Ball
1-1: Foul Ball, location: 2F
1-2: Ball
2-2: Ball
3-2: Base on Balls
Pablo Fuentes scores
Todd Davis to third
Dave Hawk to second
Batting: RHB Edward Allen 0-0: Ball
1-0: Ball
2-0: Ball
3-0: Base on Balls
Todd Davis scores
Dave Hawk to third
Marcus Hussey to second
Batting: RHB Drew Richardson 0-0: Foul Ball, location: 2F
0-1: Ball
1-1: Foul Ball, location: 2F
1-2: Fly out, F8 (Flyball, 78D)
Runner from 3rd tags up, SCORES, throw made
Batting: RHB Mark Wortham 0-0: Called Strike
0-1: Ball
1-1: Ball
2-1: Called Strike
2-2: Foul Ball, location: 2F
2-2: Ball
3-2: SINGLE (Groundball, 56D)
Marcus Hussey to third
Edward Allen to second
Runner from 3rd tries for Home, SAFE, no throw
Batting: LHB Jason Thomas 0-0: Ball
1-0: Swinging Strike
1-1: Foul Ball, location: 2F
1-2: Ball
2-2: Strikes out looking
Batting: LHB Brian Bennett 0-0: Ball
1-0: Called Strike
1-1: Called Strike
1-2: Ball
2-2: Strikes out looking
Top of the 4th over - 4 runs, 2 hits, 0 errors, 2 left on base; Oklahoma City HS 10 - Indianapolis HS 3
BOTTOM OF THE 4TH
Indianapolis HS Chaos batting - Pitching for Oklahoma City HS Magicians : RHP Steve Browne
Batting: RHB Jonathan Thompson 0-0: Ball
1-0: Ball
2-0: Ball
3-0: Base on Balls
Batting: RHB António Solís 0-0: Grounds into double play, 4-6-3 (Groundball, 4M)
Batting: LHB Jason Hudson 0-0: Called Strike
0-1: Ball
1-1: SINGLE (Line Drive, 5D)
Batting: RHB Eric Pierce 0-0: Called Strike
0-1: Ball
1-1: Swinging Strike
1-2: Ball
Jason Hudson steals 2nd base
2-2: Strikes out swinging
Bottom of the 4th over - 0 runs, 1 hit, 0 errors, 1 left on base; Oklahoma City HS 10 - Indianapolis HS 3
TOP OF THE 5TH
Oklahoma City HS Magicians batting - Pitching for Indianapolis HS Chaos : RHP Joe Neal
Batting: LHB Pablo Fuentes 0-0: Ground out 5-3 (Groundball, 5L)
Batting: LHB Todd Davis 0-0: Swinging Strike
0-1: Ball
1-1: Ball
2-1: Ball
3-1: Base on Balls
Pitching: RHP Norm Bradshaw
Batting: RHB Dave Hawk 0-0: Swinging Strike
0-1: Grounds into double play, 4-6-3 (Groundball, 4)
Top of the 5th over - 0 runs, 0 hits, 0 errors, 0 left on base; Oklahoma City HS 10 - Indianapolis HS 3
BOTTOM OF THE 5TH
Indianapolis HS Chaos batting - Pitching for Oklahoma City HS Magicians : RHP Steve Browne
Batting: RHB Bryan Reed 0-0: SOLO HOME RUN (Flyball, 7LD), Distance : 329 ft
Batting: RHB Andy Norris 0-0: Hit by Pitch, AND HE CHARGES THE MOUND! The benches clear!
Pitching: LHP Bill Frazier
Pinch Runner at 1st Germán Vásquez:
Batting: LHB José Alonzo 0-0: Ball
1-0: Ball
2-0: Ball
3-0: Called Strike
3-1: Foul Ball, location: 2F
3-2: Base on Balls
Germán Vásquez to second
Batting: RHB Brian Carriaga 0-0: Called Strike
0-1: Ball
1-1: Foul Ball, location: 2F
1-2: Grounds into double play, 4-6-3 (Groundball, 4)
Germán Vásquez to third
Batting: LHB William Morgan 0-0: Ball
1-0: 2-RUN HOME RUN (Flyball, 9D), Distance : 359 ft
Batting: RHB Jonathan Thompson 0-0: Fly out, F8 (Flyball, 8LD)
Bottom of the 5th over - 3 runs, 2 hits, 0 errors, 0 left on base; Oklahoma City HS 10 - Indianapolis HS 6
TOP OF THE 6TH
Oklahoma City HS Magicians batting - Pitching for Indianapolis HS Chaos : RHP Norm Bradshaw
Now at 1B: Germán Vásquez
Batting: LHB Marcus Hussey 0-0: Ball
1-0: SINGLE (Groundball, 6D)
Batting: RHB Edward Allen 0-0: Foul Ball, location: 2F
0-1: Ball
1-1: Ball
2-1: Ball
3-1: Foul Ball, location: 2F
3-2: Base on Balls
Marcus Hussey to second
Batting: RHB Drew Richardson 0-0: Foul Ball, location: 2F
0-1: Ball
1-1: Foul Ball, location: 2F
1-2: Strikes out swinging
Batting: RHB Mark Wortham 0-0: Called Strike
0-1: Ball
1-1: Foul Ball, location: 2F
1-2: Fly out, F7 (Flyball, 7LS)
Batting: LHB Jason Thomas 0-0: Ball
1-0: Ball
2-0: SINGLE (Groundball, 56D)
Marcus Hussey to third
Edward Allen to second
Runner from 3rd tries for Home, SAFE, no throw
Batting: LHB Brian Bennett 0-0: Called Strike
0-1: Hit by Pitch
Edward Allen to third
Jason Thomas to second
Batting: LHB Pablo Fuentes 0-0: Called Strike
0-1: Swinging Strike
0-2: Ball
1-2: Strikes out swinging
Top of the 6th over - 1 run, 2 hits, 0 errors, 3 left on base; Oklahoma City HS 11 - Indianapolis HS 6
BOTTOM OF THE 6TH
Indianapolis HS Chaos batting - Pitching for Oklahoma City HS Magicians : LHP Bill Frazier
Batting: RHB António Solís 0-0: Ball
1-0: Ball
2-0: Ball
3-0: Base on Balls
Batting: LHB Jason Hudson 0-0: Ball
1-0: Ball
2-0: Fly out, F5 (Popup, 5L)
Batting: RHB Eric Pierce 0-0: Foul Ball, location: 2F
0-1: Ball
1-1: Foul Ball, location: 2F
1-2: Strikes out looking
Batting: RHB Bryan Reed 0-0: Ball
António Solís is caught stealing 2nd base
Bottom of the 6th over - 0 runs, 0 hits, 0 errors, 0 left on base; Oklahoma City HS 11 - Indianapolis HS 6
TOP OF THE 7TH
Oklahoma City HS Magicians batting - Pitching for Indianapolis HS Chaos : RHP Norm Bradshaw
Batting: LHB Todd Davis 0-0: Ball
1-0: Foul Ball, location: 2F
1-1: Foul Ball, location: 2F
1-2: Fly out, F3 (Popup, 3SF)
Batting: RHB Dave Hawk 0-0: Ball
1-0: Ball
2-0: Foul Ball, location: 2F
2-1: Foul Ball, location: 2F
2-2: Foul Ball, location: 2F
2-2: Ball
3-2: Base on Balls
Batting: LHB Marcus Hussey 0-0: Ball
1-0: Fly out, F8 (Flyball, 8RM)
Batting: RHB Edward Allen 0-0: Called Strike
0-1: Fly out, F8 (Flyball, 89D)
Top of the 7th over - 0 runs, 0 hits, 0 errors, 1 left on base; Oklahoma City HS 11 - Indianapolis HS 6
BOTTOM OF THE 7TH
Indianapolis HS Chaos batting - Pitching for Oklahoma City HS Magicians : LHP Bill Frazier
Batting: RHB Bryan Reed 0-0: Ball
1-0: Ball
2-0: Foul Ball, location: 2F
2-1: Ball
3-1: Foul Ball, location: 2F
3-2: Strikes out looking
Batting: RHB Germán Vásquez 0-0: SINGLE (Flyball, 8RM)
Batting: LHB José Alonzo 0-0: Called Strike
0-1: Foul Ball, location: 2F
0-2: Foul Ball, location: 2F
0-2: Ball
Wild Pitch!
Germán Vásquez to second
1-2: Ball
2-2: Ball
3-2: Foul Ball, location: 2F
3-2: Base on Balls
Batting: RHB Brian Carriaga 0-0: Ball
1-0: Ball
2-0: Ball
3-0: Called Strike
3-1: Swinging Strike
3-2: Base on Balls
Germán Vásquez to third
José Alonzo to second
Pitching: RHP António Quintero
Batting: LHB William Morgan 0-0: Ball
1-0: Called Strike
1-1: Swinging Strike
1-2: Foul Ball, location: 2F
1-2: Ball
2-2: Ball
3-2: Foul Ball, location: 2F
3-2: Base on Balls
Germán Vásquez scores
José Alonzo to third
Brian Carriaga to second
Batting: RHB Jonathan Thompson 0-0: Ball
1-0: Ball
2-0: Ball
3-0: Base on Balls
José Alonzo scores
Brian Carriaga to third
William Morgan to second
Batting: RHB António Solís 0-0: Ball
1-0: Called Strike
1-1: Foul Ball, location: 2F
1-2: Ball
2-2: Ball
3-2: Strikes out swinging
Pitching: LHP Brad Stewart
Batting: LHB Jason Hudson 0-0: Ball
1-0: GRAND SLAM HOME RUN (Flyball, 9LD), Distance : 330 ft
Pitching: RHP Jeff Browne
Batting: RHB Eric Pierce 0-0: Ball
1-0: Ball
2-0: Swinging Strike
2-1: Ground out 5-3 (Groundball, 56S)
Bottom of the 7th over - 6 runs, 2 hits, 0 errors, 0 left on base; Oklahoma City HS 11 - Indianapolis HS 12
TOP OF THE 8TH
Oklahoma City HS Magicians batting - Pitching for Indianapolis HS Chaos : RHP Norm Bradshaw
Batting: RHB Drew Richardson 0-0: Called Strike
0-1: Swinging Strike
0-2: SINGLE (Line Drive, 89S)
Batting: RHB Mark Wortham 0-0: Ball
1-0: Ball
2-0: Ball
3-0: Base on Balls
Drew Richardson to second
Pitching: LHP Lonnie Christensen
Batting: LHB Jason Thomas 0-0: Ball
1-0: Sac Bunt - play at first, batter OUT! 1-4
Drew Richardson to third
Mark Wortham to second
Pinch Hitting: SHB Ron Robinson 0-0: Ball
1-0: Swinging Strike
1-1: Ball
2-1: Foul Ball, location: 2F
2-2: Foul Ball, location: 2F
2-2: Foul Ball, location: 2F
2-2: Ball
Wild Pitch!
Drew Richardson scores
Mark Wortham to third
3-2: Intentional Walk
Batting: LHB Pablo Fuentes 0-0: Ball
1-0: Ball
2-0: Ball
3-0: Called Strike
3-1: Base on Balls
Ron Robinson to second
Batting: LHB Todd Davis 0-0: Ball
1-0: Ball
2-0: Called Strike
2-1: Ball
3-1: Foul Ball, location: 2F
3-2: Base on Balls
Mark Wortham scores
Ron Robinson to third
Pablo Fuentes to second
Batting: RHB Dave Hawk 0-0: Ball
1-0: Ball
2-0: Ball
3-0: Called Strike
3-1: Grounds into double play, 6-2-3 (Groundball, 56)
Top of the 8th over - 2 runs, 1 hit, 0 errors, 2 left on base; Oklahoma City HS 13 - Indianapolis HS 12
BOTTOM OF THE 8TH
Indianapolis HS Chaos batting - Pitching for Oklahoma City HS Magicians : RHP Jeff Browne
Now at 2B: Billy Newcomer
Batting: RHB Bryan Reed 0-0: Called Strike
0-1: DOUBLE (Groundball, 5L)
Batting: RHB Germán Vásquez 0-0: Called Strike
0-1: Ball
1-1: Ball
2-1: Foul Ball, location: 2F
2-2: Foul Ball, location: 2F
2-2: Strikes out swinging, 2-3 out at first.
Batting: LHB José Alonzo 0-0: Ball
1-0: Swinging Strike
1-1: Swinging Strike
1-2: Ball
2-2: Ball
3-2: Foul Ball, location: 2F
3-2: SINGLE (Groundball, 34S) (infield hit)
Bryan Reed to third
Batting: RHB Brian Carriaga 0-0: Swinging Strike
0-1: Ball
1-1: Ball
2-1: Ball
3-1: Base on Balls
José Alonzo to second
Batting: LHB William Morgan 0-0: Ball
1-0: Foul Ball, location: 2F
1-1: Foul Ball, location: 2F
1-2: Strikes out swinging
Batting: RHB Jonathan Thompson 0-0: SINGLE (Line Drive, 4MD)
Bryan Reed scores
José Alonzo to third
Brian Carriaga to second
Batting: RHB António Solís 0-0: Reached on error, E5 (Groundball, 56)
José Alonzo scores
Brian Carriaga to third
Jonathan Thompson to second
Batting: LHB Jason Hudson 0-0: Swinging Strike
0-1: Foul Ball, location: 2F
0-2: Ball
1-2: Foul Ball, location: 2F
1-2: Ball
2-2: Strikes out swinging
Bottom of the 8th over - 2 runs, 3 hits, 1 error, 3 left on base; Oklahoma City HS 13 - Indianapolis HS 14
TOP OF THE 9TH
Oklahoma City HS Magicians batting - Pitching for Indianapolis HS Chaos : LHP Lonnie Christensen
Pitching: LHP Júlio Hernández
Batting: LHB Marcus Hussey 0-0: Called Strike
0-1: Swinging Strike
0-2: SINGLE (Groundball, 4MD)
Batting: RHB Edward Allen 0-0: Foul Ball, location: 2F
0-1: Foul Ball, location: 2F
0-2: Foul Ball, location: 2F
0-2: Ball
1-2: Foul Ball, location: 2F
1-2: Fly out, F4 (Line Drive, 4M)
Batting: RHB Drew Richardson 0-0: Ball
1-0: Foul Ball, location: 2F
1-1: Called Strike
1-2: Ball
2-2: Ball
3-2: Base on Balls
Marcus Hussey to second
Batting: RHB Mark Wortham 0-0: Fly out, F5 (Popup, 6S)
Batting: LHB Jason Thomas 0-0: Called Strike
0-1: Ball
1-1: Swinging Strike
1-2: Ball
2-2: Strikes out swinging
Top of the 9th over - 0 runs, 1 hit, 0 errors, 2 left on base; Oklahoma City HS 13 - Indianapolis HS 14
Saturday, April 7th, 2018 - OOTP Baseball 18.8 Build 76